Map: Void Thrashing

Players

KomandorTer

  • Race: Protoss Protoss
  • League: Silver
  • Spawn Location: 6:00

NamroodTuo

  • Race: Zerg Zerg

VOD

Have the link to the VOD?

Description

Time

  • Played on: March 17, 2023, 12:07 p.m.
  • Length: 16:46
Show
View Real Time Build Order
Export as new Build Order

KomandorTer Protoss 

Build Orders:  

Get SALT Encoding   

  12  0:02  Probe (Chrono Boost)  
  13  0:16  Probe (Chrono Boost)  
  14  0:30  Probe (Chrono Boost)  
  14  0:39  Pylon  
  15  0:57  Gateway  
  15  1:05  Probe (Chrono Boost)  
  16  1:19  Probe (Chrono Boost)  
  17  1:33  Probe (Chrono Boost)  
  18  1:44  Pylon  
  18  1:47  Probe (Chrono Boost), Pylon  
  19  1:59  Assimilator  
  19  2:01  Probe (Chrono Boost)  
  19  2:07  Assimilator  
  20  2:15  Probe (Chrono Boost)  
  21  2:28  Probe (Chrono Boost)  
  22  2:42  Probe (Chrono Boost)  
  23  2:52  Gateway  
  23  2:55  Gateway  
  23  2:56  Probe (Chrono Boost)  
  24  3:04  Pylon  
  24  3:10  Probe (Chrono Boost)  
  25  3:24  Probe (Chrono Boost)  
  26  3:38  Probe (Chrono Boost)  
  27  3:47  Forge  
  27  3:49  Forge  
  27  3:53  Pylon  
  27  3:59  Forge  
  27  4:13  Cybernetics Core  
  27  4:22  Pylon  
  27  4:26  Pylon  
  27  4:36  Protoss Ground Armor Level 1  
  27  4:54  Protoss Ground Weapons Level 1  
  27  4:55  Protoss Shields Level 1  
  27  5:11  Twilight Council  
  27  5:17  Pylon  
  27  5:22  Pylon  
  27  6:06  Charge  
  27  6:54  Singularity Charge  
  27  7:38  Whirlwind  
  27  7:48  Zealot x4  
  27  7:49  Zealot x4  
  43  7:50  Zealot  
  45  8:35  Dragoon x2  
  45  8:36  Dragoon  
  47  8:51  Trillic Compresion Mesh  
  47  9:20  Dragoon x2  
  47  9:21  Dragoon x4  
  59  10:41  Protoss Ground Weapons Level 2  
  59  10:42  Protoss Shields Level 2, Protoss Ground Armor Level 2  
  45  11:54  Zealot x3  
  45  11:55  Zealot x4  
  45  11:56  Zealot x2  
  63  12:55  Zealot x2  
  63  12:56  Zealot x4  
  73  14:01  Zealot x2  
  73  14:02  Zealot x4  
  85  14:45  Zealot  
  87  14:55  Pylon  
  87  14:57  Pylon  
  87  15:02  Pylon  
  87  15:08  Pylon  
  87  15:13  Pylon  
  87  15:18  Pylon  
  87  15:27  Pylon  
  87  15:46  Zealot x4  
  87  15:47  Zealot x4  
  87  15:48  Zealot  
  105  16:16  Zealot x3  
Show
View Real Time Build Order
Export as new Build Order

NamroodTuo Zerg 

Build Orders:  

Get SALT Encoding   

  12  0:16  Overlord  
  12  0:19  Infested SCV  
  13  0:28  Infested SCV  
  14  0:43  Infested Barracks  
  14  0:50  Infested SCV  
  15  1:02  Infested SCV  
  15  1:03  Infested SCV  
  15  1:08  Infested SCV  
  18  1:21  Infested SCV  
  19  1:33  Infested Refinery  
  19  1:44  Infestation Level 1  
  19  1:54  Infested Refinery  
  19  1:56  Infested SCV  
  20  2:05  Overlord  
  20  2:12  Infested SCV  
  21  2:23  Infested Barracks  
  21  2:33  Infested SCV  
  22  2:41  Infested Engineering Bay  
  22  2:49  Infested SCV  
  23  2:56  Infested Marine  
  23  2:57  Infested Marine x4  
  28  3:05  Infested SCV  
  29  3:31  Infested Barracks Tech Lab  
  29  3:37  Stukov Infantry Weapons Level 1  
  29  3:46  Infested SCV  
  29  3:48  Infested Factory  
  30  3:57  Overlord  
  30  4:11  Infested SCV  
  31  4:32  Infestation Level 2  
  26  4:45  Unknown  
  26  4:49  Infested Marine  
  27  4:57  Infested SCV  
  27  4:58  Infested SCV x3  
  31  5:41  Infested Command Center  
  31  6:17  Stukov Infantry Armor Level 1  
  31  6:29  Overlord x2  
  30  6:32  Anaerobic Enhancement  
  30  6:38  Infested SCV  
  31  6:45  Infested Armory  
  31  6:50  Infested Marine  
  31  6:51  Infested Marine x4  
  36  7:05  Infested SCV x3  
  36  7:06  Infested SCV  
  40  7:30  Infested SCV x3  
  43  7:41  Infested Bunker  
  42  8:08  Infested Barracks  
  42  8:15  Infested SCV x3  
  45  8:21  Infested SCV x2  
  45  8:22  Infested SCV x3  
  50  8:46  Infested Marine  
  50  8:47  Infested Marine x13  
  64  8:57  Stukov Infantry Weapons Level 2  
  68  9:00  Infested SCV x2, Infested Bunker  
  70  9:14  Overlord  
  70  9:15  Overlord x2  
  70  9:32  Overlord  
  70  9:33  Overlord x2  
  70  9:48  Retinal Augmentation  
  74  10:10  Infested Bunker  
  74  10:13  Infested SCV  
  74  10:15  Infested SCV  
  74  10:19  Infested SCV  
  77  10:22  Overlord  
  77  10:23  Overlord, Infested Refinery  
  77  10:25  Overlord  
  63  10:47  Infested SCV  
  63  10:48  Infested SCV  
  69  10:51  Infested Bunker  
  69  10:55  Infested Marine  
  74  11:37  Infested Bunker  
  74  11:39  Infested Bunker  
  78  11:47  Infested Bunker  
  82  12:07  Stukov Infantry Armor Level 2  
  82  12:08  Infested Marine x11  
  93  12:16  Infested Bunker  
  97  12:24  Infested Marine  
  97  12:25  Infested Marine x12  
  97  12:26  Infested Marine x4  
  114  12:39  Infested Missile Turret  
  113  12:40  Infested Missile Turret  
  113  12:43  Infested Missile Turret  
  113  12:57  Infested Marine x6  
  113  12:58  Infested Marine x17  
  136  13:04  Infested Missile Turret  
  136  13:15  Infested SCV x2  
  136  13:16  Infested SCV x3  
  141  13:28  Infested Missile Turret  
  141  13:32  Infested SCV  
  141  13:33  Infested Missile Turret  
  142  13:47  Overlord  
  142  13:48  Overlord x4  
  114  14:22  Infested Marine x7  
  114  14:23  Infested Marine x23  
  125  14:43  Infested Bunker  
  125  15:06  Infested Marine  
  125  15:07  Infested Marine x20  
  125  15:08  Infested Marine x5  
  145  15:34  Infested Marine  
  145  15:35  Infested Marine x15  
  156  15:46  Infested Marine  
  156  15:47  Infested Marine x6  
  156  15:48  Infested Marine  
  155  16:02  Infested Marine  
  155  16:03  Infested Marine x9  
  152  16:17  Infested Marine x4  
  152  16:18  Infested Marine x5  
Tags
 
Commander
ArtanisStukov
League
Silver
Matchup
Co-op
Replay Pack
Multiplayer
Add a new tag
Caveats
  • Supply blocks, unpowered buildings, or Contaminate may cause inaccurate times.
  • Supply counts are checked every 10 seconds.